Workbook
Name Tarifs: Traitement!$I$1:$K$1

Sheet Détail réservations
A2: Numéro de réservation | B2: Date d'arrivée | C2: Date de départ | D2: Numéro mois | E2: Nombre de Nuits | F2: Nom | G2: Prénom | H2: Nationalité | I2: Téléphone | J2: Mail | K2: Adresse | L2: Code postal | M2: Ville | N2: Région | O2: Pays | P2: Nombre d'adultes | Q2: Nombre d'enfants | R2: Prix à la nuit | S2: Loyer | T2: Ménage | U2: Annexes | V2: Chiffre d'affaire | W2: Taxe de séjour | X2: Concièrgerie | Y2: Ménage | Z2: Draps | AA2: Tarifs plateforme | AB2: Autres | AC2: Total des charges | AD2: Bénéfice | AE2: Type de paiement | AF2: Plateforme | AG2: Caution | AH2: Caution ménage
A3: =IF(B3="","-",1) -> 1 | B3: 44220 | D3: =IF(B3="","-",MONTH(B3)) -> 1 | R3: =IF(A3="","",SUMPRODUCT((MONTH(Traitement!$F$2:$F$13)=$D3)*(Tarifs=$AF3)*(Traitement!I$2:K$13))) -> 30 | S3: =IF(C3="","-",E3*R3) -> - | V3: =IF(R3="","-",SUM(R3:U3)) -> 30 | W3: =IF(B3="","-",E3*Traitement!A2) -> 0 | X3: =IF(B3="","-",Traitement!M3) -> 100 | Y3: =IF(B3="","-",Traitement!N3) -> 60 | Z3: =IF(B3="","-",Traitement!O3) -> 10 | AC3: =IF(B3="","-",SUM(W3:AB3)) -> 170 | AD3: =IF(B3="","-",V3-AC3) -> -140 | AF3: Tarif Booking
A4: =IF(B4="","-",A3+1) -> - | D4: =IF(B4="","-",MONTH(B4)) -> - | E4: =IF(C4="","-",C4-B4) -> - | R4: =IF(A4="","",SUMPRODUCT((MONTH(Traitement!$F$2:$F$13)=$D4)*(Tarifs=$AF4)*(Traitement!I$2:K$13))) -> 0 | S4: =IF(C4="","-",E4*R4) -> - | V4: =IF(R4="","-",SUM(R4:U4)) -> 0 | W4: =IF(B4="","-",E4*Traitement!A3) -> - | X4: =IF(B4="","-",Traitement!M4) -> - | Y4: =IF(B4="","-",Traitement!N4) -> - | Z4: =IF(B4="","-",Traitement!O4) -> - | AC4: =IF(B4="","-",SUM(W4:AB4)) -> - | AD4: =IF(B4="","-",V4-AC4) -> -
A5: =IF(B5="","-",A4+1) -> - | D5: =IF(B5="","-",MONTH(B5)) -> - | E5: =IF(C5="","-",C5-B5) -> - | R5: =IF(A5="","",SUMPRODUCT((MONTH(Traitement!$F$2:$F$13)=$D5)*(Tarifs=$AF5)*(Traitement!I$2:K$13))) -> 0 | S5: =IF(C5="","-",E5*R5) -> - | V5: =IF(R5="","-",SUM(R5:U5)) -> 0 | W5: =IF(B5="","-",E5*Traitement!A4) -> - | X5: =IF(B5="","-",Traitement!M5) -> - | Y5: =IF(B5="","-",Traitement!N5) -> - | Z5: =IF(B5="","-",Traitement!O5) -> - | AC5: =IF(B5="","-",SUM(W5:AB5)) -> - | AD5: =IF(B5="","-",V5-AC5) -> -
A6: =IF(B6="","-",A5+1) -> - | D6: =IF(B6="","-",MONTH(B6)) -> - | E6: =IF(C6="","-",C6-B6) -> - | R6: =IF(A6="","",SUMPRODUCT((MONTH(Traitement!$F$2:$F$13)=$D6)*(Tarifs=$AF6)*(Traitement!I$2:K$13))) -> 0 | S6: =IF(C6="","-",E6*R6) -> - | V6: =IF(R6="","-",SUM(R6:U6)) -> 0 | W6: =IF(B6="","-",E6*Traitement!A5) -> - | X6: =IF(B6="","-",Traitement!M6) -> - | Y6: =IF(B6="","-",Traitement!N6) -> - | Z6: =IF(B6="","-",Traitement!O6) -> - | AC6: =IF(B6="","-",SUM(W6:AB6)) -> - | AD6: =IF(B6="","-",V6-AC6) -> -
A7: =IF(B7="","-",A6+1) -> - | D7: =IF(B7="","-",MONTH(B7)) -> - | E7: =IF(C7="","-",C7-B7) -> - | R7: =IF(A7="","",SUMPRODUCT((MONTH(Traitement!$F$2:$F$13)=$D7)*(Tarifs=$AF7)*(Traitement!I$2:K$13))) -> 0 | S7: =IF(C7="","-",E7*R7) -> - | V7: =IF(R7="","-",SUM(R7:U7)) -> 0 | W7: =IF(B7="","-",E7*Traitement!A6) -> - | X7: =IF(B7="","-",Traitement!M7) -> - | Y7: =IF(B7="","-",Traitement!N7) -> - | Z7: =IF(B7="","-",Traitement!O7) -> - | AC7: =IF(B7="","-",SUM(W7:AB7)) -> - | AD7: =IF(B7="","-",V7-AC7) -> -
A8: =IF(B8="","-",A7+1) -> - | D8: =IF(B8="","-",MONTH(B8)) -> - | E8: =IF(C8="","-",C8-B8) -> - | R8: =IF(A8="","",SUMPRODUCT((MONTH(Traitement!$F$2:$F$13)=$D8)*(Tarifs=$AF8)*(Traitement!I$2:K$13))) -> 0 | S8: =IF(C8="","-",E8*R8) -> - | V8: =IF(R8="","-",SUM(R8:U8)) -> 0 | W8: =IF(B8="","-",E8*Traitement!A7) -> - | X8: =IF(B8="","-",Traitement!M8) -> - | Y8: =IF(B8="","-",Traitement!N8) -> - | Z8: =IF(B8="","-",Traitement!O8) -> - | AC8: =IF(B8="","-",SUM(W8:AB8)) -> - | AD8: =IF(B8="","-",V8-AC8) -> -
A9: =IF(B9="","-",A8+1) -> - | D9: =IF(B9="","-",MONTH(B9)) -> - | E9: =IF(C9="","-",C9-B9) -> - | R9: =IF(A9="","",SUMPRODUCT((MONTH(Traitement!$F$2:$F$13)=$D9)*(Tarifs=$AF9)*(Traitement!I$2:K$13))) -> 0 | S9: =IF(C9="","-",E9*R9) -> - | V9: =IF(R9="","-",SUM(R9:U9)) -> 0 | W9: =IF(B9="","-",E9*Traitement!A8) -> - | X9: =IF(B9="","-",Traitement!M9) -> - | Y9: =IF(B9="","-",Traitement!N9) -> - | Z9: =IF(B9="","-",Traitement!O9) -> - | AC9: =IF(B9="","-",SUM(W9:AB9)) -> - | AD9: =IF(B9="","-",V9-AC9) -> -
A10: =IF(B10="","-",A9+1) -> - | D10: =IF(B10="","-",MONTH(B10)) -> - | E10: =IF(C10="","-",C10-B10) -> - | R10: =IF(A10="","",SUMPRODUCT((MONTH(Traitement!$F$2:$F$13)=$D10)*(Tarifs=$AF10)*(Traitement!I$2:K$13))) -> 0 | S10: =IF(C10="","-",E10*R10) -> - | V10: =IF(R10="","-",SUM(R10:U10)) -> 0 | W10: =IF(B10="","-",E10*Traitement!A9) -> - | X10: =IF(B10="","-",Traitement!M10) -> - | Y10: =IF(B10="","-",Traitement!N10) -> - | Z10: =IF(B10="","-",Traitement!O10) -> - | AC10: =IF(B10="","-",SUM(W10:AB10)) -> - | AD10: =IF(B10="","-",V10-AC10) -> -
A11: =IF(B11="","-",A10+1) -> - | D11: =IF(B11="","-",MONTH(B11)) -> - | E11: =IF(C11="","-",C11-B11) -> - | R11: =IF(A11="","",SUMPRODUCT((MONTH(Traitement!$F$2:$F$13)=$D11)*(Tarifs=$AF11)*(Traitement!I$2:K$13))) -> 0 | S11: =IF(C11="","-",E11*R11) -> - | V11: =IF(R11="","-",SUM(R11:U11)) -> 0 | W11: =IF(B11="","-",E11*Traitement!A10) -> - | X11: =IF(B11="","-",Traitement!M11) -> - | Y11: =IF(B11="","-",Traitement!N11) -> - | Z11: =IF(B11="","-",Traitement!O11) -> - | AC11: =IF(B11="","-",SUM(W11:AB11)) -> - | AD11: =IF(B11="","-",V11-AC11) -> -
A12: =IF(B12="","-",A11+1) -> - | D12: =IF(B12="","-",MONTH(B12)) -> - | E12: =IF(C12="","-",C12-B12) -> - | R12: =IF(A12="","",SUMPRODUCT((MONTH(Traitement!$F$2:$F$13)=$D12)*(Tarifs=$AF12)*(Traitement!I$2:K$13))) -> 0 | S12: =IF(C12="","-",E12*R12) -> - | V12: =IF(R12="","-",SUM(R12:U12)) -> 0 | W12: =IF(B12="","-",E12*Traitement!A11) -> - | X12: =IF(B12="","-",Traitement!M12) -> - | Y12: =IF(B12="","-",Traitement!N12) -> - | Z12: =IF(B12="","-",Traitement!O12) -> - | AC12: =IF(B12="","-",SUM(W12:AB12)) -> - | AD12: =IF(B12="","-",V12-AC12) -> -
A13: =IF(B13="","-",A12+1) -> - | D13: =IF(B13="","-",MONTH(B13)) -> - | E13: =IF(C13="","-",C13-B13) -> - | R13: =IF(A13="","",SUMPRODUCT((MONTH(Traitement!$F$2:$F$13)=$D13)*(Tarifs=$AF13)*(Traitement!I$2:K$13))) -> 0 | S13: =IF(C13="","-",E13*R13) -> - | V13: =IF(R13="","-",SUM(R13:U13)) -> 0 | W13: =IF(B13="","-",E13*Traitement!A12) -> - | X13: =IF(B13="","-",Traitement!M13) -> - | Y13: =IF(B13="","-",Traitement!N13) -> - | Z13: =IF(B13="","-",Traitement!O13) -> - | AC13: =IF(B13="","-",SUM(W13:AB13)) -> - | AD13: =IF(B13="","-",V13-AC13) -> -
A14: =IF(B14="","-",A13+1) -> - | D14: =IF(B14="","-",MONTH(B14)) -> - | E14: =IF(C14="","-",C14-B14) -> - | R14: =IF(A14="","",SUMPRODUCT((MONTH(Traitement!$F$2:$F$13)=$D14)*(Tarifs=$AF14)*(Traitement!I$2:K$13))) -> 0 | S14: =IF(C14="","-",E14*R14) -> - | V14: =IF(R14="","-",SUM(R14:U14)) -> 0 | W14: =IF(B14="","-",E14*Traitement!A13) -> - | X14: =IF(B14="","-",Traitement!M14) -> - | Y14: =IF(B14="","-",Traitement!N14) -> - | Z14: =IF(B14="","-",Traitement!O14) -> - | AC14: =IF(B14="","-",SUM(W14:AB14)) -> - | AD14: =IF(B14="","-",V14-AC14) -> -
A15: =IF(B15="","-",A14+1) -> - | D15: =IF(B15="","-",MONTH(B15)) -> - | E15: =IF(C15="","-",C15-B15) -> - | R15: =IF(A15="","",SUMPRODUCT((MONTH(Traitement!$F$2:$F$13)=$D15)*(Tarifs=$AF15)*(Traitement!I$2:K$13))) -> 0 | S15: =IF(C15="","-",E15*R15) -> - | V15: =IF(R15="","-",SUM(R15:U15)) -> 0 | W15: =IF(B15="","-",E15*Traitement!A14) -> - | X15: =IF(B15="","-",Traitement!M15) -> - | Y15: =IF(B15="","-",Traitement!N15) -> - | Z15: =IF(B15="","-",Traitement!O15) -> - | AC15: =IF(B15="","-",SUM(W15:AB15)) -> - | AD15: =IF(B15="","-",V15-AC15) -> -
... A53: =IF(B53="","-",A52+1) -> - | D53: =IF(B53="","-",MONTH(B53)) -> - | E53: =IF(C53="","-",C53-B53) -> - | R53: =IF(A53="","",SUMPRODUCT((MONTH(Traitement!$F$2:$F$13)=$D53)*(Tarifs=$AF53)*(Traitement!I$2:K$13))) -> 0 | S53: =IF(C53="","-",E53*R53) -> - | V53: =IF(R53="","-",SUM(R53:U53)) -> 0 | W53: =IF(B53="","-",E53*Traitement!A52) -> - | X53: =IF(B53="","-",Traitement!M53) -> - | Y53: =IF(B53="","-",Traitement!N53) -> - | Z53: =IF(B53="","-",Traitement!O53) -> - | AC53: =IF(B53="","-",SUM(W53:AB53)) -> - | AD53: =IF(B53="","-",V53-AC53) -> -

Sheet Traitement
A1: Taxe de séjour | B1: Paiement | C1: Plateforme | D1: Région | F1: Date début | G1: Date fin | H1: Mois | I1: Tarif Site Perso | J1: Tarif AirBnB | K1: Tarif Booking | M1: Charges
A2: 1.65 | B2: CB | C2: Site Perso | D2: Auvergne-Rhône-Alpes | F2: 44197 | G2: 44227 | H2: =MONTH(F2) -> 1 | I2: 10 | J2: 20 | K2: 30 | M2: Concièrgerie | N2: Ménage | O2: Draps
B3: Chèque | C3: AirBnB | D3: Bourgogne-Franche-Comté | F3: 44228 | G3: 44255 | H3: =MONTH(F3) -> 2 | M3: 100 | N3: 60 | O3: 10
B4: ANCV | C4: Booking | D4: Bretagne | F4: 44256 | G4: 44286 | H4: =MONTH(F4) -> 3
B5: Virement | C5: Expedia | D5: Centre-Val de Loire | F5: 44287 | G5: 44316 | H5: =MONTH(F5) -> 4
B6: Espèce | D6: Corse | F6: 44317 | G6: 44347 | H6: =MONTH(F6) -> 5
D7: Grand Est | F7: 44348 | G7: 44377 | H7: =MONTH(F7) -> 6
D8: Hauts-de-France | F8: 44378 | G8: 44408 | H8: =MONTH(F8) -> 7
D9: Île-de-France | F9: 44409 | G9: 44439 | H9: =MONTH(F9) -> 8
D10: Normandie | F10: 44440 | G10: 44469 | H10: =MONTH(F10) -> 9
D11: Nouvelle-Aquitaine | F11: 44470 | G11: 44500 | H11: =MONTH(F11) -> 10
D12: Occitanie | F12: 44501 | G12: 44530 | H12: =MONTH(F12) -> 11
D13: Pays de Loire | F13: 44531 | G13: 44561 | H13: =MONTH(F13) -> 12
D14: PACA
